 Dungeon Crawl Stone Soup version 0.17-a0-2127-g1cb09f6 (webtiles) character file.

119 septik the Chopper (level 4, 0/40 HPs)
             Began as a Deep Dwarf Fighter on Oct 23, 2015.
             Asphyxiated
             ... on level 3 of the Dungeon.
             The game lasted 00:11:58 (1834 turns).

septik the Chopper (Deep Dwarf Fighter)             Turns: 1834, Time: 00:11:58

Health: 0/40       AC: 12    Str: 21    XL:     4   Next: 73%
Magic:  4/4        EV:  5    Int:  8    God:
Gold:   74         SH:  9    Dex: 12    Spells: 0 memorised, 3 levels left

rFire  . . .     SeeInvis .     a - +0 war axe
rCold  . . .     Clarity  .     n - +0 chain mail
rNeg   . . .     SustAt   .     c - +0 shield
rPois  .         Gourm    .     (no helmet)
rElec  .         Spirit   .     y - +1 cloak {+Inv}
rCorr  .         Warding  .     (no gloves)
rMut   .         Stasis   .     i - +0 pair of boots
MR     .....                    (no amulet)
Stlth  ..........               (no ring)
                                q - ring of flight

@: lethally poisoned (0 -> -11), non-regenerating, slowed, very slow, not
resistant to hostile enchantments, extremely unstealthy
A: damage resistance, recharge devices, sense surroundings 1, slow regeneration
3
a: Device Recharging, Evoke Invisibility, Evoke Flight


You were on level 3 of the Dungeon.
You were not hungry.

You visited 1 branch of the dungeon, and saw 3 of its levels.

You collected 74 gold pieces.

Inventory:

Hand Weapons
 a - a +0 war axe (weapon)
 t - a +0 hunting sling
 z - a +0 hunting sling
Missiles
 g - 152 stones (quivered)
Armour
 b - a +0 scale mail
 c - a +0 shield (worn)
 i - a +0 pair of boots (worn)
 n - a +0 chain mail (worn)
 y - a +1 cloak of invisibility (worn)
 C - a +0 cloak
Jewellery
 q - a ring of flight (left hand)
 u - an uncursed amulet of warding {unknown}
 w - an uncursed amulet of the gourmand {unknown}
Wands
 e - a wand of heal wounds (5)
 x - a wand of slowing (5)
Scrolls
 p - 3 scrolls of remove curse
 r - 2 scrolls of teleportation
 B - a scroll of noise {unknown}
Potions
 d - a potion of might
 k - a potion of ambrosia {unknown}
 l - a potion of invisibility
 m - a potion of curing
 s - 2 potions of flight
Comestibles
 f - 2 bread rations
 h - a slice of pizza
 j - 2 meat rations
 o - 2 beef jerkies
 v - 3 fruits
 A - 5 chunks of flesh


   Skills:
 - Level 2.6 Fighting
 * Level 5.5 Axes
 - Level 3.2 Armour
 - Level 3.2 Shields


You had 3 spell levels left.
You didn't know any spells.

Dungeon Overview and Level Annotations

Branches:
Dungeon (3/15)

Altars:


Innate Abilities, Weirdness & Mutations

You are resistant to damage.
You can recharge devices by infusing magical energy.
You passively map a small area around you.
You do not regenerate naturally.


Message History

An adder comes into view.
A kobold comes into view. It is wielding a dagger.
You slash the adder!
You kill the adder!
The kobold unwields an uncursed dagger.
The kobold wields a blowgun.
The kobold shoots a curare-tipped needle.
The curare-tipped needle hits you.
You are poisoned.
You have difficulty breathing.
You feel yourself slow down.
The kobold shoots a curare-tipped needle.
The curare-tipped needle hits you.
You are more poisoned.
You have difficulty breathing.
* * * LOW HITPOINT WARNING * * *
You feel as though you will be slow longer.
The kobold shoots a curare-tipped needle.
The curare-tipped needle hits you.
You are lethally poisoned!
You have difficulty breathing.
You die...

* , * #.# , ### #K#
* ..# ,..# #.# *
..# #.###### #.# #
........ ,* #.#
#.##* ..#
#..#######†##.....
#.# #........@(...#
, #.#
#.########.####,
*** #.# #.# #.# *
** #.######.# #.#
#.....##.# #.#
#.###.##.########.#
#.###..........)..#
#..#####.##########
##.# #÷#


You could see a kobold.

Vanquished Creatures
  Crazy Yiuf (D:2)
  An adder (D:3)
  An ooze (D:3)
  2 worms (D:3)
  4 giant geckos
  An orc (D:3)
  A giant cockroach (D:1)
  11 goblins
  8 hobgoblins
  5 kobolds
  8 bats
  4 giant newts
  10 jackals
  6 rats
63 creatures vanquished.

Notes
Turn   | Place    | Note
--------------------------------------------------------------
     0 | D:1      | septik the Deep Dwarf Fighter began the quest for the Orb.
     0 | D:1      | Reached XP level 1. HP: 20/20 MP: 1/1
   181 | D:1      | Reached XP level 2. HP: 27/27 MP: 2/2
   614 | D:1      | Reached XP level 3. HP: 33/33 MP: 3/3
   731 | D:2      | Reached skill level 4 in Axes
   992 | D:2      | Noticed Crazy Yiuf
  1015 | D:2      | Killed Crazy Yiuf
  1015 | D:2      | Reached XP level 4. HP: 24/40 MP: 0/4
  1286 | D:2      | Reached skill level 5 in Axes
  1834 | D:3      | Asphyxiated

Vault maps used:
D:1:      minmay_arrival_diagonal_passages
D:2:      uniq_crazy_yiuf_cottage

Action                   |  1- 3 |  4- 6 || total
-------------------------+-------+-------++-------
Melee: War axe           |   150 |    63 ||   213
Throw: Stone             |     1 |       ||     1
  Use: Scroll            |       |     6 ||     6
  Eat: Chunk             |     1 |     3 ||     4
